 Dungeon Crawl Stone Soup version 0.29-a0-356-g7bc237e783 (webtiles) character file.

Game seed: 7911409555251781666

3840 siradein the Geomancer (level 10, -4/57 HPs)
             Began as a Gargoyle Earth Elementalist on Apr 26, 2022.
             Slain by a gnoll
             ... wielding a +0 spear
              (5 damage)
             ... on level 9 of the Dungeon.
             The game lasted 00:29:12 (9931 turns).

siradein the Geomancer (GrEE)                       Turns: 9931, Time: 00:29:12

Health: -4/57      AC: 14    Str: 13    XL:     10   Next: 18%
Magic:  4/16       EV: 12    Int: 19    God:
Gold:   182        SH:  0    Dex: 10    Spells: 13/17 levels left

rFire   . . .      SeeInvis .   m - staff of earth
rCold   . . .      Faith    .   (no shield)
rNeg    + . .      Spirit   .   v - +2 robe {Archmagi}
rPois   ∞          Reflect  .   A - +0 helmet
rElec   +          Harm     .   a - +0 cloak
rCorr   +          Rampage  .   b - +0 pair of gloves
Will    .....      Archmagi +   (no boots)
Stlth   ++........              (no amulet)
HPRegen 0.19/turn               j - ring of resist corrosion
MPRegen 0.15/turn               (no ring)

@: about to teleport, studying Staves
A: sickness immunity, AC +7, negative energy resistance 1, electricity
resistance, torment resistance 1, petrification resistance
a: no special abilities


You were on level 9 of the Dungeon.
You visited 1 branch of the dungeon, and saw 9 of its levels.

You collected 248 gold pieces.
You spent 66 gold pieces at shops.

Inventory:

Armour
 a - a +0 cloak (worn)
 b - a +0 pair of gloves (worn)
 v - a +2 robe of the Archmagi (worn)
 A - a +0 helmet (worn)
Magical Staves
 m - a staff of earth (weapon)
Jewellery
 j - a ring of resist corrosion (left hand)
Wands
 t - a wand of acid (7)
 x - a wand of mindburst (8)
 y - a wand of flame (7)
Scrolls
 d - 2 scrolls of immolation {unknown}
 f - a scroll of fog
 k - a scroll of enchant armour
 l - a scroll of teleportation
 o - a scroll of amnesia
 s - a scroll of magic mapping {unknown}
 z - a scroll of blinking {unknown}
Potions
 c - a potion of magic
 e - a potion of mutation
 g - 2 potions of haste
 h - 7 potions of lignification
 i - 3 potions of berserk rage
 n - a potion of brilliance {unknown}
 p - 2 potions of flight {unknown}
 q - 3 potions of might {unknown}
 r - 4 potions of degeneration {unknown}
 u - 2 potions of curing {unknown}
 w - a potion of ambrosia {unknown}


   Skills:
 + Level 4.2 Fighting
 + Level 3.6 Dodging
 + Level 4.7 Stealth
 + Level 4.1 Spellcasting
 + Level 7.1 Conjurations
 - Level 0.7 Transmutations
 * Level 12.3 Earth Magic


You had 13 spell levels left.
You knew the following spells:

 Your Spells              Type           Power      Damage    Failure   Level
a - Sandblast             Erth           100%       2d20      1%          1
b - Stone Arrow           Conj/Erth      100%       3d13      1%          3

Your spell library contained the following spells:

 Spells                   Type           Power      Damage    Failure   Level
 Passwall                 Tmut/Erth      50%        N/A       1%          2
 Petrify                  Tmut/Erth      60%        N/A       9%          4
 Beastly Appendage        Tmut           20%        N/A       10%         1
 Animate Armour           Summ/Erth      100%       N/A       11%         4
 Wereblood                Tmut           10%        N/A       16%         2
 Spider Form              Tmut/Pois      7%         N/A       34%         3
 Summon Guardian Golem    Hex/Summ       5%         N/A       38%         3
 Summon Ice Beast         Ice/Summ       5%         N/A       80%         4
 Summon Mana Viper        Hex/Summ       5%         N/A       98%         5
 Orb of Destruction       Conj           23%        9d8       99%         7
 Monstrous Menagerie      Summ           2%         N/A       100%        7
 Spellforged Servitor     Conj/Summ      13%        N/A       100%        7
 Lehudib's Crystal Spear  Conj/Erth      37%        10d9      100%        8


Dungeon Overview and Level Annotations

Branches:
Dungeon (10/15)
 Temple: D:4-7         Lair: D:8-11         Orc: D:9-12

Altars:
Gozag
Xom

Shops:
D:3 ?   D:4 *   D:9 !

Annotations:
D:4 1 runed translucent door, Antichthon's ghost, amateur FoHu


Innate Abilities, Weirdness & Mutations

You are immune to sickness and miasma.
Your stone body is resilient. (AC +7)
You are immune to poison.
You resist negative energy. (rN+)
You are resistant to electric shocks. (rElec)
You are resistant to unholy torment.
You are immune to petrification.


Message History

An orc wizard comes into view. It is wielding a +0 dagger.
The orc warrior attacks as you move away!
The orc warrior barely misses you.
The gnoll hits you from afar with a +0 halberd!
A gnoll comes into view. It is wielding a +0 flail.
The gnoll shouts!
You hear a shout! x2
A gnoll sergeant comes into view. It is wielding a +0 trident.
The gnoll hits you with a +0 spear.
You are too injured to fight recklessly!
Casting: Stone Arrow (safe; 1% risk of failure)
Confirm with . or Enter, or press ? or * to list all spells.
Aiming: Stone Arrow (safe; 1% risk of failure)
Press: ? - help, Shift-Dir - straight line, f - gnoll
Aim: a gnoll, wielding a +0 spear (81% to hit)
You feel a strong surge of power!
The stone arrow misses the gnoll.
The orc warrior hits you but does no damage.
The gnoll misses you. x2
Casting: Stone Arrow (safe; 1% risk of failure)
Confirm with . or Enter, or press ? or * to list all spells.
Aiming: Stone Arrow (safe; 1% risk of failure)
Press: ? - help, Shift-Dir - straight line, f/p - gnoll
Aim: a gnoll, wielding a +0 spear (81% to hit)
You feel a strong surge of power!
The stone arrow misses the gnoll.
The orc warrior hits you but does no damage.
The gnoll hits you from afar with a +0 halberd!
* * * LOW HITPOINT WARNING * * *
The gnoll hits you but does no damage.
Unknown command.
As you read the scroll of teleportation, it crumbles to dust.
You feel strangely unstable.
The orc warrior hits you with a +0 short sword!
* * * LOW HITPOINT WARNING * * *
The gnoll closely misses you. The gnoll completely misses you.
The wight hits you but does no damage. The orc barely misses you.
The gnoll hits you but does no damage. The gnoll attacks as you move away!
The gnoll misses you. The gnoll hits you but does no damage.
The orc hits you but does no damage.
The gnoll sergeant hits you but does no damage.
The gnoll hits you from afar with a +0 spear.
You die...

...#.###.....##.oo......
...#.#.......###o##....S
...#.#.#.....#........#
####...#.##.##.#.##..###
# ########....gc.g.....
# #.##o#z##..### #
#o#.##..#


#ggogg..# ###@##..# #.# ... ##.## ### You could see an orc warrior, a gnoll
sergeant, a centaur, a wight, an orc wizard (wandering), 4 gnolls and 2 orcs.

Vanquished Creatures
  A two-headed ogre (D:6)
  Pikel (D:4)
  An ugly thing (D:6)
  Grinder (D:3)
  Sigmund (D:4)
  2 wraiths
  Menkaure (D:5)
  Edmund (D:4)
  3 orc warriors
  An ogre (D:4)
  3 centaurs
  A necrophage (D:7)
  3 scorpions
  A wight (D:9)
  3 howler monkeys
  4 hounds
  An orc priest (D:6)
  Crazy Yiuf (D:5)
  An iguana (D:6)
  5 orc wizards
  5 adders
  A river rat (D:4)
  A shadow imp (D:6)
  2 white imps
  4 ufetubi
  A worm (D:5)
  4 dart slugs
  13 orcs
  12 ball pythons
  8 endoplasms
  11 goblins
  8 hobgoblins
  2 jackals (D:3)
  A quokka (D:3)
  6 bats
  2 frilled lizards
  7 kobolds
  10 rats
134 creatures vanquished.

Notes
Turn   | Place    | Note
-------+----------+-------------------------------------------
     0 | D:1      | siradein the Gargoyle Earth Elementalist began the quest
                  | for the Orb.
     0 | D:1      | Reached XP level 1. HP: 10/10 MP: 3/3
    92 | D:1      | Reached skill level 4 in Earth Magic
   127 | D:1      | Reached XP level 2. HP: 15/15 MP: 1/5
   312 | D:1      | Found a faded altar of an unknown god.
   671 | D:1      | Reached XP level 3. HP: 19/19 MP: 2/6
   773 | D:1      | Reached skill level 5 in Earth Magic
  1252 | D:2      | Learned a level 3 spell: Stone Arrow
  1572 | D:2      | Found an opulent altar of Gozag.
  2662 | D:3      | Reached XP level 4. HP: 24/24 MP: 4/7
  2693 | D:3      | Reached skill level 1 in Conjurations
  2824 | D:3      | Noticed Grinder
  2825 | D:3      | Paralysed by Grinder for 5 turns
  3018 | D:3      | Reached skill level 6 in Earth Magic
  3077 | D:3      | Found Tinem's Magic Scroll Boutique.
  3084 | D:3      | Bought a scroll of identify for 22 gold pieces
  3084 | D:3      | Bought a scroll of identify for 22 gold pieces
  3084 | D:3      | Bought a scroll of identify for 22 gold pieces
  3676 | D:3      | Found Tinem's Magic Scroll Boutique.
  4048 | D:3      | Killed Grinder
  4049 | D:3      | Reached skill level 7 in Earth Magic
  4049 | D:3      | Reached XP level 5. HP: 28/28 MP: 6/8
  4049 | D:3      | Reached XP level 6. HP: 32/32 MP: 6/9
  4428 | D:4      | Noticed Edmund
  4492 | D:4      | Noticed Antichthon's ghost (amateur FoHu)
  4492 | D:4      | Found a runed translucent door.
  4807 | D:4      | Reached skill level 8 in Earth Magic
  4869 | D:4      | Noticed Sigmund
  4873 | D:4      | Killed Sigmund
  4874 | D:4      | Reached XP level 7. HP: 36/36 MP: 1/10
  5280 | D:4      | Found Hedurux's Overcharged Wands.
  5324 | D:4      | Reached skill level 9 in Earth Magic
  5460 | D:4      | Noticed Pikel
  5483 | D:4      | Killed Pikel
  5484 | D:4      | Reached skill level 5 in Conjurations
  5484 | D:4      | Reached skill level 10 in Earth Magic
  5484 | D:4      | Reached XP level 8. HP: 5/41 MP: 1/11
  5780 | D:4      | Killed Edmund
  6339 | D:5      | Entered Level 5 of the Dungeon
  6344 | D:5      | Reached skill level 1 in Fighting
  6469 | D:5      | Found a runed translucent door.
  6470 | D:5      | Noticed Crazy Yiuf
  6579 | D:5      | Identified the +2 leather armour of the Everdark {Regen+}
  6877 | D:5      | Found a shimmering altar of Xom.
  7199 | D:5      | Noticed Menkaure
  7203 | D:5      | Killed Menkaure
  7526 | D:6      | Reached skill level 11 in Earth Magic
  7674 | D:6      | Reached XP level 9. HP: 48/48 MP: 6/13
  8014 | D:6      | Noticed a two-headed ogre
  8017 | D:6      | Killed a two-headed ogre
  8207 | D:6      | Noticed a red ugly thing
  8353 | D:6      | Killed a red ugly thing
  9180 | D:5      | Killed Crazy Yiuf
  9278 | D:7      | Reached skill level 12 in Earth Magic
  9626 | D:7      | Reached XP level 10. HP: 56/56 MP: 8/15
  9768 | D:7      | You fall into a shaft and drop 3 floors!
  9768 | D:10     | Entered Level 10 of the Dungeon
  9792 | D:9      | Found Lutatewk's Distillery.
  9929 | D:9      | HP: 1/57 [orc warrior/+0 short sword (8)]
  9931 | D:9      | Slain by a gnoll

Illustrated notes

Levels and vault maps discovered:
D:1:      matt_arrival_grand_opening, layout_loops_ring, serial_forest,
          infiniplex_forest_straight_2, infiniplex_forest_straight_3,
          infiniplex_forest_clump_small, infiniplex_forest_fountain,
          infiniplex_forest_lined_corner, infiniplex_forest_corner_1,
          infiniplex_forest_straight_1, infiniplex_forest_clump_cross,
          infiniplex_forest_clump_tiny, hellmonk_ecumenical_altar_heavens_door,
          serial_bayou_crossing
D:2:      layout_loops_corners, basic_altar, minmay_misc_feat_roman,
          minmay_indecisive_spiral
D:3:      layout_basic, serial_shops, shop, uniq_grinder
D:4:      layout_basic, hellmonk_ghost_happy_afterlife, portal_sewer_entry_e,
          nicolae_shop_overcharged_wands, uniq_sigmund, uniq_pikel, uniq_edmund
D:5:      layout_cave_pods, kennysheep_little_box, roderic_roman_lattice,
          uniq_crazy_yiuf_cottage, uniq_menkaure
D:6:      layout_gridville, minmay_manual_moon
D:7:      layout_basic, minmay_temple_entry_statues_pillars, minmay_checkerbox
D:9:      layout_basic, serial_shops, shop
D:10:     layout_cave_pools, zombieorc1_lemuel, serial_shops,
          nicolae_shop_behind_doors, nicolae_shop_overgrown_old_shop,
          kennysheep_mini_moat

Skill      XL: |  1  2  3  4  5  6  7  8  9 10 |
---------------+-------------------------------+-----
Earth Magic    | 4 5 7 8 10 11 12 | 12.3
Conjurations   | 3 4 5 6 7 |  7.1
Fighting       | 2 3 4 |  4.2
Dodging        | 2 3 |  3.6
Stealth        | 4 |  4.7
Spellcasting   | 3 4 |  4.1
Transmutations | |  0.7

Action                   |  1- 3 |  4- 6 |  7- 9 | 10-12 || total
-------------------------+-------+-------+-------+-------++-------
Melee: Whip              |    10 |       |       |       ||    10
       Staff             |       |     2 |     2 |     2 ||     6
 Cast: Sandblast         |    54 |    34 |    11 |       ||    99
       Stone Arrow       |       |    11 |    79 |    15 ||   105
  Use: Scroll            |     1 |     7 |     6 |     1 ||    15
       Potion            |       |       |     1 |       ||     1
 Stab: Sleeping          |       |     2 |       |       ||     2
Armor: Robe              |     8 |     1 |     7 |    21 ||    37
       Leather armour    |       |     5 |       |       ||     5
Dodge: Dodged            |     9 |     4 |    12 |    45 ||    70

Table legend: (Time is in decaauts)
 A = Elapsed time spent in this place.
 B = Non-inter-level travel time spent in this place.
 C = Inter-level travel time spent in this place.
 D = Time resting spent in this place.
 E = Time spent auto-exploring this place.
 F = Levels seen in this place.
 G = Mean time per level.
                   A        B        C        D        E       F      G
               +--------+--------+--------+--------+--------+-----+--------+
         Total |   9937 |   9664 |    273 |    660 |   7292 |   9 | 1104.1 |
       Dungeon |   9937 |   9664 |    273 |    660 |   7292 |   9 | 1104.1 |
               +--------+--------+--------+--------+--------+-----+--------+

Top non-repeatable levels by time:
     D:3: 2100 daAuts
     D:4: 1939 daAuts
     D:5: 1571 daAuts
     D:6: 1309 daAuts
     D:1: 1252 daAuts
     D:2: 1082 daAuts
     D:7: 516 daAuts
     D:9: 153 daAuts
    D:10: 11 daAuts
